 Dungeon Crawl Stone Soup version 0.27-a0-1557-g57f10a385c (webtiles) character file.

Game seed: 7491959843075565611

675 Sin92 the Chopper (level 7, 0/61 HPs)
             Began as a Minotaur Fighter on July 15, 2021.
             Succumbed to Sigmund's poison
             ... on level 4 of the Dungeon.
             The game lasted 00:03:29 (3649 turns).

Sin92 the Chopper (Minotaur Fighter)                Turns: 3649, Time: 00:03:29

Health: 0/61       AC: 10    Str: 25    XL:     7   Next: 33%
Magic:  6/6        EV:  7    Int:  5    God:
Gold:   151        SH: 10    Dex: 12    Spells: 6/6 levels left

rFire    . . .     SeeInvis .   a - +0 war axe
rCold    . . .     Faith    .   c - +0 kite shield
rNeg     . . .     Spirit   .   q - +1 chain mail {Will+}
rPois    .         Reflect  .   (helmet restricted)
rElec    .         Harm     .   (no cloak)
rCorr    .         Rampage  .   (no gloves)
Will     +....                  (no boots)
Stlth    ..........             (no amulet)
HPRegen  0.20/turn              k - ring "Ecrutoin" {Fly Str+3 Dex+2}
MPRegen  0.10/turn              (no ring)

@: lethally poisoned (0 -> -7), flying
A: horns 2, retaliatory headbutt
a: no special abilities


You were on level 4 of the Dungeon.
You visited 1 branch of the dungeon, and saw 4 of its levels.

You collected 151 gold pieces.

Inventory:

Hand Weapons
 a - a +0 war axe (weapon)
Missiles
 p - a throwing net (quivered)
Armour
 c - a +0 kite shield (worn)
 q - a +1 chain mail of willpower (worn)
Jewellery
 k - the ring "Ecrutoin" (left hand) {Fly Str+3 Dex+2}
   (You acquired it on level 4 of the Dungeon)

   [ring of flight]

   Str:       It affects your strength (+3).
   Dex:       It affects your dexterity (+2).
   Fly:       It grants you flight.
Wands
 r - a wand of flame (17)
Scrolls
 b - a scroll of teleportation {unknown}
 j - 4 scrolls of identify
 m - a scroll of brand weapon {unknown}
 s - a scroll of blinking {unknown}
Potions
 d - a potion of might
 e - a potion of flight
 f - a potion of lignification {unknown}
 h - a potion of invisibility {unknown}
 i - a potion of haste
 l - a potion of cancellation
 n - a potion of degeneration {unknown}
 o - a potion of heal wounds {unknown}


   Skills:
 + Level 5.2 Fighting
 * Level 6.1 Axes
 + Level 5.3 Armour
 + Level 3.2 Dodging
 + Level 5.4 Shields


You had 6 spell levels left.
You didn't know any spells.
Your spell library was empty.

Dungeon Overview and Level Annotations

Branches:
Dungeon (4/15)
 Temple: D:4-7

Altars:
Hepliaklqana
Lugonu

Portals:
Abyss: D:4

Annotations:
D:4 1 runed translucent door, Crazy Yiuf


Innate Abilities, Weirdness & Mutations

You have a pair of horns on your head.
You reflexively headbutt those who attack you in melee.


Message History

You feel extremely sick. Something hits you!
* * * LOW HITPOINT WARNING * * *
You are more poisoned.
Something hits you but does no damage.
You are more poisoned.
You feel better. Something hits you but does no damage.
You are poisoned.
You feel better. Something hits you.
You are poisoned.
You barely miss something. You headbutt something!
You feel very sick.
You hear some strange, mumbled words.
A magic dart appears from out of thin air!
The magic dart hits you.
* * * LOW HITPOINT WARNING * * *
You miss something.
You feel very sick. Something hits you.
* * * LOW HITPOINT WARNING * * *
You are lethally poisoned!
You barely miss something. You headbutt something.
Reactivating autopickup.
You feel a bit more experienced.
* * * LOW HITPOINT WARNING * * *
You feel very sick.
Your Axes skill increases to level 6!
Your Dodging skill increases to level 3!
It was a potion of flight.
You feel more buoyant.
* * * LOW HITPOINT WARNING * * *
You feel very sick.
It was a potion of haste.
You feel yourself speed up.
* * * LOW HITPOINT WARNING * * *
You feel very sick.
It was a potion of cancellation.
Your magical effects are unravelling.
You feel magically purged.
You feel yourself slow down.
You die...

##### ### ....# ##.##
###.# ##.#.## ####****
###.###.###.## #..,,,,*
#......## ##.# #)#***,*
#.#.###.###.####@####,*
#.#†# ##.#.#........#,*
....## ##.##.###.##.#,*
.....# #.##.# #.#*,#,*
#.##.# #....# #$.,,,,*
#.##.# ###### ####,***
#.##.# ######### *,*
#.##.# #.......# *,***
#.##.#
#.......#***,,,**


There were no monsters in sight!

Vanquished Creatures
  Grinder (D:4)
  Sigmund (D:4)
  A necrophage (D:4)
  An orc priest (D:3)
  Terence (D:3)
  4 gnolls (D:3)
  6 adders
  2 adder skeletons (D:4)
  A worm (D:2)
  4 dart slugs
  5 orcs
  4 endoplasms
  7 goblins
  5 hobgoblins
  2 jackals (D:2)
  6 kobolds
  2 quokkas
  10 ball pythons
  7 bats
  7 frilled lizards
  A quokka skeleton (D:2)
  5 rats
83 creatures vanquished.

Vanquished Creatures (others)
  2 lurking horrors (D:4)
2 creatures vanquished.

Grand Total: 85 creatures vanquished

Notes
Turn   | Place    | Note
-------+----------+-------------------------------------------
     0 | D:1      | Sin92 the Minotaur Fighter began the quest for the Orb.
     0 | D:1      | Reached XP level 1. HP: 19/19 MP: 0/0
   302 | D:1      | Found a faded altar of an unknown god.
   322 | D:1      | Reached XP level 2. HP: 27/27 MP: 1/1
   439 | D:1      | Reached skill level 3 in Axes
   901 | D:2      | Reached XP level 3. HP: 33/33 MP: 2/2
   963 | D:2      | Reached skill level 1 in Dodging
   986 | D:2      | Found a hazy altar of Hepliaklqana.
  1489 | D:3      | Reached XP level 4. HP: 36/40 MP: 3/3
  1621 | D:3      | Noticed Terence
  1626 | D:3      | Killed Terence
  1627 | D:3      | Reached skill level 4 in Axes
  1880 | D:3      | Reached XP level 5. HP: 13/47 MP: 4/4
  2624 | D:4      | Identified a scroll of acquirement
  2624 | D:4      | Acquired the ring "Ecrutoin" {Fly Str+3 Dex+2}
  2694 | D:4      | Found a one-way gate to the infinite horrors of the Abyss.
  2698 | D:4      | Found a corrupted altar of Lugonu.
  3194 | D:4      | Noticed a necrophage
  3204 | D:4      | Killed a necrophage
  3205 | D:4      | Reached skill level 5 in Axes
  3205 | D:4      | Reached XP level 6. HP: 45/53 MP: 5/5
  3322 | D:4      | Noticed Grinder
  3335 | D:4      | Killed Grinder
  3336 | D:4      | Reached skill level 5 in Fighting
  3336 | D:4      | Reached skill level 5 in Armour
  3336 | D:4      | Reached skill level 5 in Shields
  3539 | D:4      | Found a runed translucent door.
  3540 | D:4      | Noticed Crazy Yiuf
  3584 | D:4      | Reached XP level 7. HP: 61/61 MP: 6/6
  3636 | D:4      | Noticed Sigmund
  3646 | D:4      | Killed Sigmund
  3647 | D:4      | Reached skill level 6 in Axes
  3648 | D:4      | HP: 1/61 [poisoned by Sigmund]
  3649 | D:4      | Succumbed to Sigmund's poison

Illustrated notes

Levels and vault maps discovered:
D:1:      psy_arrival_statuary, layout_loops_ring,
          shapermc_ecumenical_altar_pompeii
D:2:      layout_basic, basic_altar, minmay_fractal_squares_gapless_5
D:3:      layout_basic, kennysheep_generic_room_16, uniq_terence
D:4:      layout_loops_cross, st_stairs_14, minmay_tree_intersection,
          amcnicky_altar_lugonu_corruption, uniq_sigmund, uniq_grinder,
          uniq_crazy_yiuf_cottage

Skill      XL: |  1  2  3  4  5  6  7 |
---------------+----------------------+-----
Axes           | 3 4 5 6 |  6.1
Shields        | 4 5 |  5.4
Dodging        | 1 2 3 |  3.2
Fighting       | 4 5 |  5.2
Armour         | 4 5 |  5.3

Action                   |  1- 3 |  4- 6 |  7- 9 || total
-------------------------+-------+-------+-------++-------
Melee: War axe           |    95 |    99 |     6 ||   200
       Headbutt          |    14 |    14 |     2 ||    30
  Use: Scroll            |     2 |     2 |       ||     4
       Potion            |       |       |     5 ||     5
Armor: Scale mail        |    43 |     4 |       ||    47
       Chain mail        |       |    35 |     3 ||    38
Dodge: Dodged            |    36 |    24 |       ||    60
Block: Kite shield       |    60 |    49 |       ||   109

Table legend: (Time is in decaauts)
 A = Elapsed time spent in this place.
 B = Non-inter-level travel time spent in this place.
 C = Inter-level travel time spent in this place.
 D = Time resting spent in this place.
 E = Time spent auto-exploring this place.
 F = Levels seen in this place.
 G = Mean time per level.
                   A        B        C        D        E       F      G
               +--------+--------+--------+--------+--------+-----+--------+
         Total |   3752 |   3697 |     55 |    505 |   2598 |   4 |  938.0 |
       Dungeon |   3752 |   3697 |     55 |    505 |   2598 |   4 |  938.0 |
               +--------+--------+--------+--------+--------+-----+--------+

Top non-repeatable levels by time:
     D:3: 1207 daAuts
     D:4: 1053 daAuts
     D:1: 774 daAuts
     D:2: 718 daAuts
